AoeStats
← Skipparen

Arena

508942890Analyzed
3v3 RM · 8d ago on Sep 24, 2026· 52m 56s· 6 players
Game mode
Random Map
Map size
Normal (6 player)
Population
200
Speed
Normal
Resources
Standard
Victory
Conquest
Starting age
Dark Age
Ending age
Imperial Age
RankedLock teamsTeams togetherTeam positionsShared explorationLock speedFull tech treeHidden civsTurbo modeCheats
Victory
Defeat
🇬🇧 Franks · United Kingdom
853
+13
🇬🇧 Varangians · United Kingdom
837
+14
🇬🇧 Portuguese · United Kingdom
782
+32
🇦🇷 Turks · Argentina
802
-15
🇬🇧 Spanish · United Kingdom
799
-15
🇳🇴 Britons · Norway
766
-13
Louis Theroux
10:46 Feudal Age
15:12 Castle Age
13:03 Double-Bit Axe
13:39 Horse Collar
16:35 Bow Saw
23:02 Loom
Skipparen
11:10 Feudal Age
15:50 Castle Age
14:45 Double-Bit Axe
14:55 Horse Collar
19:25 Wheelbarrow
19:24 Bow Saw
20:56 Padded Archer Armor
21:33 Fletching
23:25 Gold Mining
23:56 Pikeman
24:37 Squires
25:37 Caravan
28:48 Bodkin Arrow
29:08 Leather Archer Armor
29:41 Hand Cart
31:11 Ballistics
33:29 Imperial Age
31:22 Scale Mail Armor
34:56 Elite Longbowman
36:33 Yeomen
37:54 Bracer
38:06 Halberdier
40:11 Ring Archer Armor
42:21 Chain Mail Armor
nano79
12:24 Feudal Age
13:05 Loom
16:21 Castle Age
14:42 Gold Mining
18:46 Gold Shaft Mining
25:09 Imperial Age
22:43 Horse Collar
23:24 Double-Bit Axe
25:26 Wheelbarrow
35:03 Hand Cart
36:15 Town Watch
41:22 Fletching
44:36 Town Patrol
48:12 Bow Saw
52:07 Heavy Scorpion
pls let me win
10:49 Feudal Age
9:05 Loom
11:48 Double-Bit Axe
16:14 Wheelbarrow
20:46 Castle Age
19:01 Scale Barding Armor
21:18 Forging
20:50 Light Cavalry
21:32 Husbandry
22:30 Bow Saw
23:04 Chain Barding Armor
23:45 Fervor
24:31 Fletching
25:28 Gold Mining
28:15 Stone Mining
28:47 Hand Cart
29:12 Ballistics
28:35 Treadmill Crane
30:06 Gold Shaft Mining
29:54 Bodkin Arrow
30:22 Ballistics
30:26 Town Watch
31:49 Town Patrol
32:12 Murder Holes
34:11 Iron Casting
37:21 Imperial Age
36:56 Masonry
38:44 Plate Barding Armor
39:10 Blast Furnace
39:34 Conscription
38:43 Cavalier
43:28 Paladin
47:53 Elite Throwing Axeman
50:25 Hoardings
Xeph
12:04 Feudal Age
13:57 Double-Bit Axe
16:56 Castle Age
16:45 Bloodlines
22:02 Wheelbarrow
21:45 Bow Saw
22:54 Horse Collar
23:21 Husbandry
26:01 Loom
28:13 Heavy Plow
30:25 Stone Mining
30:53 Hand Cart
31:09 Forging
32:15 Iron Casting
33:04 Scale Barding Armor
34:13 Elite Skirmisher
44:05 Fletching
49:26 Padded Archer Armor
50:48 Bodkin Arrow
Dogshit at life
12:33 Feudal Age
11:21 Loom
14:08 Wheelbarrow
13:30 Horse Collar
13:47 Gold Mining
13:50 Double-Bit Axe
15:33 Gold Mining
16:50 Stone Mining
24:37 Castle Age
26:22 Hand Cart
30:19 Imperial Age
28:46 Fletching
30:10 Circumnavigation
30:49 Ballistics
30:57 Treadmill Crane
33:02 Chemistry
32:35 Arquebus
32:56 Siege Engineers
32:42 Town Watch
35:12 Bow Saw
36:32 Thumb Ring
38:10 Two-Man Saw
40:39 Elite Organ Gun
43:17 Elite Skirmisher
50:34 Town Patrol
50:48 Masonry
Connection lost

Rejoining the realm…

Still unreachable

The connection could not be restored.

Session expired

The server has moved on; the page needs a fresh start.